Map: Romanticide LE

Players

Rail

  • Race: Protoss Protoss
  • League: Master
  • Spawn Location: 5:00

SKillous - Winner!

  • Race: Protoss Protoss
  • League: Grandmaster
  • Spawn Location: 11:00

Event: DreamHack SC2 Masters 2020 Winter

VOD

Have the link to the VOD?

Description

Time

  • Played on: Nov. 4, 2020, 11:32 a.m.
  • Length: 8:33

All games in this series

Show
View Real Time Build Order
Export as new Build Order

Rail Protoss 

Build Orders: Nexus First, Phoenix Opening, Zealot Archon 

Get SALT Encoding   

  12  0:00  Probe  
  13  0:12  Probe  
  14  0:17  Pylon  
  14  0:24  Probe (Chrono Boost)  
  15  0:36  Probe (Chrono Boost)  
  16  0:43  Probe (Chrono Boost)  
  17  0:51  Probe  
  18  1:01  Nexus  
  18  1:09  Gateway  
  18  1:12  Probe  
  18  1:17  Assimilator  
  19  1:24  Probe (Chrono Boost)  
  20  1:25  Assimilator  
  20  1:32  Pylon  
  20  1:36  Probe (Chrono Boost)  
  21  1:45  Probe (Chrono Boost)  
  22  1:50  Probe  
  23  1:56  Cybernetics Core  
  23  2:02  Probe  
  23  2:05  Pylon  
  24  2:13  Probe  
  24  2:15  Probe  
  26  2:25  Probe  
  26  2:29  Stalker (Chrono Boost)  
  27  2:36  Stargate  
  29  2:38  Shield Battery  
  29  2:41  Shield Battery  
  29  2:47  Shield Battery  
  30  2:51  Warp Gate  
  30  2:55  Stalker  
  30  2:58  Probe  
  32  3:00  Probe  
  33  3:06  Shield Battery  
  33  3:11  Probe  
  34  3:13  Shield Battery  
  34  3:19  Phoenix (Chrono Boost)  
  34  3:23  Probe  
  34  3:26  Probe  
  38  3:30  Stalker  
  40  3:36  Phoenix (Chrono Boost)  
  42  3:45  Pylon  
  42  3:49  Gateway  
  42  3:50  Probe  
  42  3:54  Probe  
  44  3:58  Phoenix (Chrono Boost)  
  46  4:03  Probe  
  46  4:07  Probe  
  48  4:16  Probe (Chrono Boost)  
  47  4:19  Probe (Chrono Boost)  
  48  4:28  Probe (Chrono Boost)  
  50  4:31  Probe (Chrono Boost)  
  50  4:33  Pylon  
  50  4:35  Probe (Chrono Boost)  
  50  4:37  Robotics Facility, Probe (Chrono Boost)  
  51  4:44  Assimilator  
  52  4:46  Assimilator, Probe  
  52  4:50  Pylon  
  53  4:55  Probe  
  53  4:59  Twilight Council  
  54  5:02  Probe  
  54  5:05  Stalker  
  55  5:07  Probe  
  56  5:15  Probe  
  58  5:21  Immortal (Chrono Boost)  
  58  5:22  Gateway  
  58  5:26  Probe  
  62  5:29  Gateway  
  62  5:33  Pylon, Sentry  
  64  5:39  Probe  
  64  5:40  Gateway  
  64  5:41  Charge (Chrono Boost)  
  65  5:49  Pylon  
  65  5:51  Immortal (Chrono Boost)  
  69  5:59  Gateway  
  69  6:04  Sentry  
  69  6:07  Gateway  
  71  6:12  Gateway  
  71  6:20  Pylon  
  71  6:24  Warp Prism (Chrono Boost)  
  73  6:27  Templar Archives  
  73  6:31  Zealot  
  75  6:35  Pylon  
  75  6:38  Zealot  
  77  6:44  Zealot  
  79  6:47  Observer (Chrono Boost)  
  79  6:51  Zealot  
  79  6:54  Pylon  
  80  6:55  Zealot x2  
  80  7:00  Shield Battery  
  84  7:14  Observer  
  84  7:15  Nexus  
  85  7:18  High Templar x2, Zealot x2  
  85  7:22  Archon, Zealot  
  93  7:29  Zealot  
  93  7:37  Zealot  
  93  7:39  High Templar x2, Zealot  
  101  7:44  Archon  
  101  7:45  Zealot  
  103  7:52  Zealot x3  
  107  7:59  Zealot  
  107  8:02  Probe  
  98  8:11  Zealot x2  
  90  8:16  Zealot x5  
Show
View Real Time Build Order
Export as new Build Order

SKillous Protoss - Winner!

Build Orders: Oracle Opening 

Get SALT Encoding   

  12  0:00  Probe  
  13  0:12  Probe  
  14  0:17  Pylon  
  14  0:24  Probe (Chrono Boost)  
  15  0:36  Probe (Chrono Boost)  
  15  0:38  Gateway  
  16  0:45  Probe (Chrono Boost)  
  16  0:46  Assimilator  
  17  0:51  Probe  
  17  0:54  Assimilator  
  18  1:03  Probe (Chrono Boost)  
  19  1:11  Gateway  
  19  1:12  Probe (Chrono Boost)  
  19  1:17  Probe (Chrono Boost)  
  20  1:25  Cybernetics Core  
  21  1:29  Probe  
  22  1:34  Pylon  
  22  1:41  Probe  
  23  1:53  Probe  
  24  2:01  Warp Gate, Adept x2  
  28  2:11  Stargate  
  28  2:16  Pylon  
  28  2:31  Adept  
  28  2:34  Adept  
  32  2:52  Oracle (Chrono Boost)  
  35  3:01  Nexus  
  35  3:10  Pylon  
  35  3:11  Probe  
  36  3:20  Pylon  
  36  3:24  Probe  
  37  3:33  Twilight Council  
  37  3:36  Probe  
  38  3:49  Probe  
  38  3:52  Forge  
  39  4:01  Probe  
  40  4:13  Probe (Chrono Boost)  
  40  4:16  Blink  
  42  4:20  Probe (Chrono Boost)  
  42  4:22  Stalker  
  42  4:23  Stalker, Probe (Chrono Boost)  
  47  4:26  Protoss Ground Weapons Level 1 (Chrono Boost)  
  47  4:27  Probe (Chrono Boost)  
  48  4:32  Probe  
  49  4:38  Probe  
  49  4:44  Probe  
  51  4:46  Stalker x2  
  51  4:51  Probe  
  56  4:56  Probe  
  56  4:58  Pylon  
  57  5:03  Probe  
  58  5:08  Probe  
  59  5:15  Probe  
  59  5:17  Stalker  
  59  5:18  Stalker  
  59  5:20  Probe  
  62  5:25  Nexus  
  62  5:27  Probe (Chrono Boost)  
  63  5:31  Pylon  
  64  5:36  Assimilator  
  64  5:37  Probe (Chrono Boost)  
  64  5:39  Probe (Chrono Boost)  
  65  5:43  Stalker  
  65  5:44  Stalker  
  65  5:46  Probe (Chrono Boost)  
  65  5:47  Probe (Chrono Boost)  
  71  5:56  Pylon, Probe  
  72  5:58  Probe  
  72  6:03  Gateway x2  
  73  6:07  Pylon  
  73  6:10  Probe  
  74  6:12  Stalker, Sentry  
  74  6:14  Probe  
  79  6:23  Probe (Chrono Boost)  
  80  6:26  Gateway  
  80  6:27  Probe (Chrono Boost)  
  80  6:28  Gateway  
  80  6:35  Stalker, Probe (Chrono Boost)  
  80  6:36  Probe (Chrono Boost)  
  80  6:39  Probe (Chrono Boost)  
  85  6:40  Stalker, Probe (Chrono Boost)  
  85  6:41  Probe  
  90  6:58  Gateway x2  
  90  6:59  Photon Cannon  
  90  7:12  Stalker, Shield Battery  
  90  7:13  Shield Battery, Sentry x2  
  90  7:15  Pylon, Shield Battery  
  89  7:16  Probe x2  
  89  7:19  Stalker  
  93  7:28  Stalker x2  
  97  7:31  Shield Battery  
  97  7:36  Shield Battery  
  95  7:38  Stalker x2, Shield Battery  
  95  7:40  Stalker  
  101  7:48  Stalker  
  103  7:55  Zealot x4  
  106  8:03  Zealot x2  
  106  8:04  Zealot  
  104  8:14  Zealot  
  104  8:15  Probe x2 (Chrono Boost)  
  104  8:18  Stalker x3  
  111  8:21  Probe (Chrono Boost)  
Tags
 
Add a new tag
Caveats
  • Supply blocks, unpowered buildings, or Contaminate may cause inaccurate times.
  • Supply counts are checked every 10 seconds.